 Dungeon Crawl Stone Soup version 0.31-a0-229-g1fc7ce93e2 (webtiles) character file.

Game seed: 14824197223720562846

2787 qw the Skirmisher (level 9, 0/57 HPs)
             Began as a Gargoyle Hexslinger on July 6, 2023.
             Was a Believer of Okawaru.
             Slain by a basilisk (12 damage)
             ... on level 9 of the Dungeon.
             The game lasted 00:03:14 (8114 turns).

qw the Skirmisher (Gargoyle Hexslinger)             Turns: 8114, Time: 00:03:15

Health: 0/57       AC: 15    Str: 13    XL:     9   Next: 70%
Magic:  11/12      EV: 14    Int: 13    God:    Okawaru [**....]
Gold:   487        SH:  0    Dex: 16    Spells: 9/10 levels left

rFire   + . .        Y - +0 orcbow
rCold   . . .        (shield currently unavailable)
rNeg    + . .        k - +0 ring mail
rPois   inf          j - +0 helmet
rElec   +            p - +0 cloak
rCorr   .            (no gloves)
SInv    .            (no boots)
Will    .....        (no amulet)
Stlth   ++           q - ring of protection from fire
HPRegen 0.29/turn    (no ring)
MPRegen 0.13/turn

%: no passive effects
@: heroic, flying
A: sickness immunity, AC +6, negative energy resistance 1, electricity
resistance, torment resistance 1, petrification resistance, big wings, fangs 1
a: Renounce Religion, Heroism


You were on level 9 of the Dungeon.
You worshipped Okawaru.
Okawaru was pleased with you.
You visited 2 branches of the dungeon, and saw 10 of its levels.

You collected 487 gold pieces.


Innate Abilities, Weirdness & Mutations

You are immune to sickness and miasma.
Your stone body is resilient. (AC +6)
You are immune to poison.
You resist negative energy. (rN+)
You are resistant to electric shocks. (rElec)
You are resistant to unholy torment.
You are immune to petrification.
Your large and strong wings let you fly.
You have very sharp teeth.


   Skills:
 - Level 7.4(12.4) Fighting
 + Level 10.0(15.0) Ranged Weapons
 - Level 3.0(8.0) Armour
 - Level 2.3(7.3) Dodging
 - Level 1.0 Spellcasting
 - Level 2.6 Hexes
 - Level 4.0 Invocations


You had 9 spell levels left.
You knew the following spells:

 Your Spells              Type           Power      Damage    Failure   Level
a - Slow                  Hex            28%        N/A       19%         1

Your spell library contained the following spells:

 Spells                   Type           Power      Damage    Failure   Level
 Inner Flame              Hex/Fire       4%         N/A       67%         3
 Portal Projectile        Hex/Tloc       8%         N/A       67%         3
 Cause Fear               Hex            3%         N/A       87%         4

Inventory:

Hand Weapons
 Y - a +0 orcbow (weapon)
Armour
 j - a +0 helmet (worn)
 k - a +0 ring mail (worn)
 p - a +0 cloak (worn)
Jewellery
 d - a ring of ice
 n - a ring of fire
 q - a ring of protection from fire (left hand)
Scrolls
 a - a scroll of identify
 o - 2 scrolls of teleportation
 r - a scroll of torment {unknown}
Potions
 b - 2 potions of mutation
 c - a potion of heal wounds
 e - a potion of enlightenment
 f - 4 potions of curing
 g - a potion of magic
 h - a potion of resistance
 i - a potion of cancellation {unknown}
 l - a potion of ambrosia {unknown}
 m - a potion of haste {unknown}

Dungeon Overview and Level Annotations

Branches:
Dungeon (9/15)             Temple (1/1) D:4
   Lair: D:8-11         Orc: D:9-12

Altars:
Ashenzari
Cheibriados
Dithmenos
Elyvilon
Fedhas
Gozag
Hepliaklqana
Kikubaaqudgha
Makhleb
Nemelex Xobeh
Okawaru
Qazlal
Trog
Uskayaw
Vehumet
Wu Jian
Xom
The Shining One

Portals:
Bailey: D:8


Message History

A yak comes into view.
The yak barely misses you. The scorpion misses you.
You shoot an arrow. The arrow hits the yak!
The yak is severely wounded.
The scorpion stings you but does no damage.
The yak misses you. The yak gores you but does no damage.
You shoot an arrow.
The arrow hits the yak but does no damage.
The yak is severely wounded.
The scorpion closely misses you. The yak gores you!
The yak gores you but does no damage.
You shoot an arrow. The arrow hits the yak.
The yak is severely wounded.
The scorpion barely misses you. The yak misses you. The yak closely misses you.
You shoot an arrow. The arrow hits the yak!!
You kill the yak!
Okawaru accepts your kill. The scorpion closely misses you.
The yak completely misses you.
Your base Fighting skill increases to level 7!
You shoot an arrow. The arrow hits the basilisk!
The basilisk is heavily wounded.
The scorpion stings you but does no damage.
You shoot an arrow. The arrow hits the basilisk.
The basilisk is heavily wounded.
The yak closely misses you. The scorpion barely misses you.
The basilisk gazes at you.
You are unaffected.
You shoot an arrow. The arrow hits the basilisk!
The basilisk is almost dead.
The scorpion closely misses you. The yak barely misses you.
The basilisk gazes at you.
You are unaffected.
A yak comes into view.
You shoot an arrow. The arrow closely misses the basilisk.
The yak bellows!
The scorpion stings you but does no damage.
The yak gores you but does no damage. The basilisk barely misses you.
You shoot an arrow. The arrow barely misses the basilisk.
The scorpion completely misses you. The yak gores you! The basilisk bites you!
You die...

.. .### ####...### .
#........# ...####
#........#
......Y####......[.# +
.../..s@.##....[...# .
.....Yl#.##..).....#.#
.PP....#..#..).....#.#
.Y.....##............#
.P..... ###........##
.P..... #....)...#
...PP.. ######.###
...$P.. ##.# ## #..#
#.


You could see 3 yaks, a basilisk and a scorpion.

Vanquished Creatures
  A yak (D:9)
  2 wyverns
  A water moccasin (D:9)
  An orc warrior (D:6)
  2 ice beasts
  A black bear (D:7)
  2 centaurs
  2 ogres
  3 bullfrogs
  2 scorpions (D:6)
  3 wights (D:9)
  6 howler monkeys
  A hound (D:5)
  2 orc priests (D:6)
  A gnoll bouda (D:5)
  3 sleepcaps
  6 iguanas
  An orc wizard (D:7)
  4 adders
  27 gnolls
  2 white imps
  An ufetubus (D:5)
  4 worms (D:3)
  7 dart slugs
  25 orcs
  5 ball pythons
  8 bats
  4 endoplasms
  4 giant cockroaches
  10 goblins
  7 hobgoblins
  12 jackals (D:5)
  7 kobolds
  3 quokkas (D:1)
  5 frilled lizards
  4 rats
179 creatures vanquished.

Notes
Turn   | Place    | Note
-------+----------+-------------------------------------------
     0 | D:1      | qw the Gargoyle Hexslinger began the quest for the Orb.
     0 | D:1      | Reached XP level 1. HP: 12/12 MP: 2/2
     0 | D:1      | 0 ||| qw: Version: 0.3-a-46-gb1f654a
     0 | D:1      | 0 ||| qw: Game counter: 1170
     0 | D:1      | 0 ||| qw: Melee chars always use a shield: true
     0 | D:1      | 0 ||| qw: God list: Okawaru
     0 | D:1      | 0 ||| qw: Allow faded altars: false
     0 | D:1      | 0 ||| qw: Do Orc after clearing Dungeon:15 true
     0 | D:1      | 0 ||| qw: Do second Lair branch before Depths: true
     0 | D:1      | 0 ||| qw: Lair rune preference: random
     0 | D:1      | 0 ||| qw: Goals: Normal
     0 | D:1      | 0 ||| PLANNING D:1-11
    45 | D:1      | Reached XP level 2. HP: 16/16 MP: 3/3
   133 | D:1      | Reached skill level 3 in Ranged Weapons
   248 | D:1      | Reached XP level 3. HP: 21/21 MP: 4/4
   857 | D:1      | 857 ||| READING scroll labelled CEIN TODUTZO.
   858 | D:1      | 858 ||| DROPPING scroll of poison.
  1117 | D:2      | Reached skill level 4 in Ranged Weapons
  1117 | D:2      | Reached XP level 4. HP: 21/26 MP: 5/5
  1308 | D:2      | You fall into a shaft and drop 2 floors!
  1325 | D:4      | Found a staircase to the Ecumenical Temple.
  1326 | D:4      | 1326 ||| PLANNING TEMPLE
  1331 | D:4      | 1331 ||| READING scroll labelled USHYDUTUJI.
  1332 | D:4      | 1332 ||| READING 2 scrolls labelled HOGUSI ECOSILL.
  1336 | D:4      | 1336 ||| DRINKING 2 bubbling orange potions.
  1337 | D:4      | 1337 ||| DROPPING potion of brilliance.
  1360 | Temple   | Entered the Ecumenical Temple
  1363 | Temple   | 1363 ||| PLANNING OKAWARU WORSHIP
  1560 | Temple   | Became a worshipper of Warmaster Okawaru
  1561 | Temple   | 1561 ||| PLANNING D:1-11
  1631 | D:3      | 1631 ||| DRINKING 2 viscous inky potions.
  1632 | D:3      | 1632 ||| DROPPING potion of attraction.
  2242 | D:2      | 2242 ||| DRINKING 2 dark potions.
  2440 | D:3      | Reached XP level 5. HP: 24/30 MP: 6/6
  2445 | D:3      | 2445 ||| FLEEEEING.
  2446 | D:3      | 2446 ||| FLEEEEING.
  2452 | D:3      | 2452 ||| FLEEEEING.
  2453 | D:3      | 2453 ||| FLEEEEING.
  2543 | D:3      | 2543 ||| Invisibility monster not found???
  2612 | D:3      | Reached skill level 5 in Ranged Weapons
  2720 | D:3      | HP: 5/31 [gnoll/+0 heavy spear (11)]
  2721 | D:3      | 2721 ||| READING scroll of teleportation.
  2721 | D:3      | HP: 2/31 [gnoll/+0 heavy spear (3)]
  2822 | D:3      | 2822 ||| FLEEEEING.
  2823 | D:3      | 2823 ||| FLEEEEING.
  2824 | D:3      | 2824 ||| FLEEEEING.
  2825 | D:3      | 2825 ||| FLEEEEING.
  2832 | D:3      | HP: 3/31 [gnoll/+0 heavy spear (8)]
  2881 | D:3      | 2881 ||| FLEEEEING.
  3211 | D:4      | Found a radiant altar of Vehumet.
  3265 | D:4      | Reached skill level 3 in Fighting
  3559 | D:4      | 3559 ||| UPGRADING to +0 leather armour.
  3569 | D:4      | 3569 ||| DROPPING +0 robe.
  3570 | D:4      | 3570 ||| UPGRADING to +0 helmet.
  3575 | D:4      | 3575 ||| UPGRADING to +0 ring mail.
  3585 | D:4      | 3585 ||| DROPPING +0 leather armour.
  3610 | D:5      | Entered Level 5 of the Dungeon
  3671 | D:5      | Reached skill level 1 in Armour
  3671 | D:5      | Reached XP level 6. HP: 20/37 MP: 7/7
  3776 | D:5      | HP: 6/37 [centaur/arrow (8)]
  3778 | D:5      | HP: 1/37 [centaur (3)]
  3951 | D:5      | 3951 ||| SWAPPING to +0 orcbow.
  3952 | D:5      | 3952 ||| DROPPING +1 sling.
  3980 | D:5      | Reached * piety under Okawaru
  3989 | D:5      | 3989 ||| INVOKING Heroism.
  3994 | D:5      | Reached skill level 6 in Ranged Weapons
  4000 | D:5      | 4000 ||| FLEEEEING.
  4001 | D:5      | 4001 ||| FLEEEEING.
  4002 | D:5      | 4002 ||| FLEEEEING.
  4003 | D:5      | 4003 ||| FLEEEEING.
  4031 | D:5      | Reached XP level 7. HP: 43/43 MP: 8/8
  4099 | D:5      | 4099 ||| INVOKING Heroism.
  4129 | D:5      | 4129 ||| FLEEEEING.
  4177 | D:5      | 4177 ||| Stepping ~*~*~tactically~*~*~ (outnumbered).
  4179 | D:5      | 4179 ||| Stepping ~*~*~tactically~*~*~ (outnumbered).
  4185 | D:5      | 4185 ||| FLEEEEING.
  4186 | D:5      | 4186 ||| FLEEEEING.
  4187 | D:5      | 4187 ||| FLEEEEING.
  4188 | D:5      | 4188 ||| FLEEEEING.
  4189 | D:5      | 4189 ||| FLEEEEING.
  4190 | D:5      | 4190 ||| FLEEEEING.
  4191 | D:5      | 4191 ||| FLEEEEING.
  4192 | D:5      | 4192 ||| FLEEEEING.
  4193 | D:5      | 4193 ||| FLEEEEING.
  4194 | D:5      | 4194 ||| FLEEEEING.
  4195 | D:5      | 4195 ||| FLEEEEING.
  4196 | D:5      | 4196 ||| FLEEEEING.
  4202 | D:5      | 4202 ||| INVOKING Heroism.
  4468 | D:5      | Reached skill level 7 in Ranged Weapons
  4637 | D:5      | 4637 ||| FLEEEEING.
  5122 | D:5      | 5122 ||| UPGRADING to +0 cloak.
  5127 | D:5      | 5127 ||| READING scroll labelled QUERPHA HAPREC.
  5276 | D:6      | 5276 ||| STAIRDANCE
  5344 | D:6      | Reached XP level 8. HP: 14/48 MP: 9/9
  5344 | D:6      | 5344 ||| INVOKING Heroism.
  5344 | D:6      | HP: 10/48 [orc warrior/+0 flail (4)]
  5345 | D:6      | 5345 ||| READING scroll of teleportation.
  5347 | D:6      | HP: 1/48 [orc warrior/+0 flail (8)]
  5614 | D:6      | Noticed a wyvern
  5622 | D:6      | Killed a wyvern
  5623 | D:6      | Reached skill level 8 in Ranged Weapons
  5638 | D:6      | Reached skill level 1 in Invocations
  5826 | D:6      | 5826 ||| INVOKING Heroism.
  5834 | D:6      | Reached skill level 3 in Invocations
  6227 | D:6      | 6227 ||| INVOKING Heroism.
  6705 | D:6      | 6705 ||| UPGRADING to ring of protection from fire.
  6706 | D:6      | 6706 ||| READING scroll labelled LUADIMPIGAF.
  6707 | D:6      | 6707 ||| READING scroll labelled OBE ITOJAOD.
  6708 | D:6      | 6708 ||| DRINKING 2 emerald potions.
  6708 | D:6      | Gained mutation: You have very sharp teeth. [potion of
                  | mutation]
  6708 | D:6      | Gained mutation: Your large and strong wings let you fly.
                  | [potion of mutation]
  6709 | D:6      | 6709 ||| DRINKING 2 ruby potions.
  6710 | D:6      | 6710 ||| DRINKING 2 bubbling cyan potions.
  6711 | D:6      | 6711 ||| READING 2 scrolls of identify.
  6711 | D:6      | 6711 ||| IDENTIFYING purple potion
  6712 | D:6      | 6712 ||| DROPPING potion of degeneration.
  6781 | D:7      | 6781 ||| INVOKING Heroism.
  6794 | D:7      | Reached skill level 9 in Ranged Weapons
  6802 | D:7      | Reached XP level 9. HP: 25/54 MP: 10/12
  6934 | D:7      | 6934 ||| INVOKING Heroism.
  6942 | D:7      | Reached skill level 6 in Fighting
  7095 | D:7      | 7095 ||| DRINKING 5 potions of curing.
  7095 | D:7      | 7095 ||| (to cure confusion)
  7451 | D:7      | 7451 ||| READING 3 scrolls of identify.
  7451 | D:7      | 7451 ||| IDENTIFYING sedimented orange potion
  7452 | D:7      | 7452 ||| READING 2 scrolls of identify.
  7452 | D:7      | 7452 ||| IDENTIFYING metallic amethyst potion
  7467 | D:8      | Found an ancient bone altar of Kikubaaqudgha.
  7647 | D:8      | Found a flagged portal.
  8013 | D:9      | Reached ** piety under Okawaru
  8070 | D:9      | Reached skill level 10 in Ranged Weapons
  8076 | D:9      | Reached skill level 3 in Armour
  8097 | D:9      | 8097 ||| INVOKING Heroism.
  8114 | D:9      | HP: 12/57 [yak (11)]
  8114 | D:9      | Slain by a basilisk

Levels and vault maps discovered:
D:1:      scummos_arrival_gate, layout_basic, supply_closet_lemuel
D:2:      layout_basic
D:3:      layout_rooms
D:4:      layout_loops_ring, fiery_altar_vehumet,
          grunt_temple_overflow_cloverleaf, minmay_temple_entry_grid,
          serial_shops, kennysheep_mini, chequers_hall_statues_y
D:5:      lemuel_castle_with_subvaults [lemuel_castle_interior_carwin_3],
          layout_gridville
D:6:      layout_layer_cave
D:7:      layout_basic
D:8:      layout_loops_cross, lemuel_crystal_altar, enter_bailey_4
D:9:      layout_roguey [special_room_orc], minmay_lair_entry_grove
Temple:   eino_temple_rhombus

Skill      XL: |  1  2  3  4  5  6  7  8  9 |
---------------+----------------------------+-----
Ranged Weapons | 3 4 5 6 7 9 10 | 10.0
Fighting       | 2 3 4 5 7 |  7.4
Armour         | 1 2 3 |  3.0
Invocations    | 4 |  4.0
Dodging        | 2 |  2.3
Spellcasting   | |  1.0
Hexes          | |  2.6

Action                     |  1- 3 |  4- 6 |  7- 9 || total
---------------------------+-------+-------+-------++-------
   Fire: Sling             |   116 |   266 |       ||   382
         Orcbow            |       |    42 |   401 ||   443
 Invoke: Heroism           |       |     1 |     8 ||     9
    Use: Scroll            |     1 |     3 |     7 ||    11
         Potion            |       |     3 |     4 ||     7
 Armour: Robe              |    23 |     5 |       ||    28
         Ring mail         |       |    13 |   159 ||   172
  Dodge: Dodged            |    50 |    55 |   186 ||   291

Table legend:
 A = Non-vault XP
 B = Vault XP
 C = Vault XP percentage of total XP
 D = Non-vault monster count
 E = Vault monster count
 F = Vault count percentage of total count
                 A         B        C        D         E       F
            +---------+---------+-------+---------+---------+-------
      Total |    2798 |    1184 |  29.7 |     120 |      59 |  33.0
            +---------+---------+-------+---------+---------+-------
        D:1 |      69 |       0 |   0.0 |      30 |       0 |   0.0
        D:2 |      51 |       0 |   0.0 |      17 |       0 |   0.0
        D:3 |     126 |       0 |   0.0 |      20 |       0 |   0.0
        D:4 |      45 |       0 |   0.0 |       5 |       0 |   0.0
        D:5 |     218 |     609 |  73.6 |       6 |      51 |  89.5
        D:6 |    1036 |       0 |   0.0 |      18 |       0 |   0.0
        D:7 |     710 |       0 |   0.0 |      17 |       0 |   0.0
        D:8 |     199 |      10 |   4.8 |       3 |       5 |  62.5
        D:9 |     344 |     565 |  62.2 |       4 |       3 |  42.9
            +---------+---------+-------+---------+---------+-------
